 Dungeon Crawl Stone Soup version 0.31.0-11-ge490571c62 (webtiles) character file.

Game seed: 8084794068611283665

2 Arcadio the Apothecary (level 1, 0/15 HPs)
             Began as a Djinni Fire Elementalist on Jan 27, 2024.
             Frozen to death by an endoplasm (6 damage)
             ... on level 1 of the Dungeon.
             The game lasted 00:00:18 (103 turns).

Arcadio the Apothecary (Djinni Fire Elementalist)    Turns: 103, Time: 00:00:19

Health: 0/15       AC:  3    Str:  7    XL:     1   Next: 44%
Gold:   15         EV: 12    Int: 16    God:
                   SH:  0    Dex: 13

rFire   + + .        d - +0 dagger
rCold   x . .        (no shield)
rNeg    . . .        a - +0 robe
rPois   ∞            (no helmet)
rElec   .            b - +0 cloak
rCorr   .            (no gloves)
SInv    .            (boots unavailable)
Will    .....        (no amulet)
Stlth   ++           (no ring)
HPRegen 0.22/turn    (no ring)
MPRegen 0.00/turn

%: infuse magic (-1 HP)
@: flying
A: sickness immunity, fire resistance 2, cold vulnerability 1, float, innate
caster, HP casting, extra vitality 1
a: no special abilities


You were on level 1 of the Dungeon.
You visited 1 branch of the dungeon, and saw 1 of its levels.

You collected 15 gold pieces.

Inventory:

Hand Weapons
 d - a +0 dagger (weapon)
Armour
 a - a +0 robe (worn)
 b - a +0 cloak (worn)
Potions
 c - a potion of curing {unknown}


   Skills:
 + Level 0.2 Fighting
 + Level 2.2 Dodging
 - Level 1.5 Stealth
 + Level 3.1 Spellcasting
 + Level 3.1 Conjurations
 + Level 3.1 Hexes
 + Level 3.1 Summonings
 + Level 3.1 Necromancy
 + Level 3.1 Translocations
 + Level 3.1 Fire Magic
 + Level 3.1 Ice Magic
 + Level 3.1 Air Magic
 + Level 3.1 Earth Magic
 + Level 3.1 Alchemy


You knew the following spells:

 Your Spells              Type           Power      Damage    Failure   Level
a - Foxfire               Conj/Fire      48%        2x1d6     4%          1
b - Scorch                Fire           24%        2d6       8%          2
c - Volatile Blastmotes   Fire/Tloc      24%        2d12      16%         3
d - Inner Flame           Hex/Fire       12%        N/A       16%         3
e - Flame Wave            Conj/Fire      12%        2d6       45%         4
Your spell library was empty.

Dungeon Overview and Level Annotations

Branches:
Dungeon (1/15)

Altars:


Innate Abilities, Weirdness & Mutations

You are immune to sickness and miasma.
You are immune to poison.
Your flesh is very heat resistant. (rF++)
You are vulnerable to cold. (rC-)
You float through the air rather than walking.
You learn spells naturally, not from books.
Your magical power is your life essence.
You have superior vitality. (+4 MHP)


Message History

Cast which spell? (? or * to list)
You conjure some foxfire!
The foxfire hits the bat.
The bat is severely wounded.
The foxfire hits the bat.
You kill the bat!
HP restored.
You see here a bat corpse.
c - a bubbling grey potion You now have 7 gold pieces.
You now have 15 gold pieces (gained 8).
A goblin comes into view. It is wielding a +0 dagger.
Casting: Foxfire (safe; 5% risk of failure)
Confirm with . or Enter, or press ? or * to list all spells.
You conjure some foxfire!
The goblin shouts!
The foxfire hits the goblin.
You kill the goblin!
Things that are here:
a +0 dagger; a goblin corpse
d - a +0 dagger Your foxfire dissipates!
d - a +0 dagger (weapon)
An endoplasm comes into view.
The endoplasm quivers.
A bat comes into view.
The endoplasm freezes you.
You are frozen!
You feel a terrible chill!
You barely miss the endoplasm. The endoplasm freezes you.
You are frozen.
Casting: Foxfire (safe; 4% risk of failure)
Confirm with . or Enter, or press ? or * to list all spells.
You aren't experienced enough to cast this spell.
Casting: Foxfire (safe; 4% risk of failure)
Confirm with . or Enter, or press ? or * to list all spells.
You conjure some foxfire!
The endoplasm freezes you.
You are frozen.
You feel a terrible chill!
You die...

#.# #.## ...
#.###.###..... b..
#............. ..
###..#..####.... ..
#....#.######.###.#
#.#..#..........#.#
##.#.#.............#####
.....#.#.......v.J......
.....>.........v@# ###.
...........#####.#.....
............##)....#
.####............### .#
#.........#### .#
##†......## ##
#.......## #.......#
#.......#


You could see an endoplasm (ally target) and a bat (asleep).

Vanquished Creatures
  A bat (D:1)
  A goblin (D:1)
2 creatures vanquished.

Vanquished Creatures (others)
  3 foxfires (D:1)
3 creatures vanquished.

Grand Total: 5 creatures vanquished

Notes
Turn   | Place    | Note
-------+----------+-------------------------------------------
     0 | D:1      | Arcadio the Djinni Fire Elementalist began the quest for
                  | the Orb.
     0 | D:1      | Arcadio set off with the following spells memorised:
                  | Foxfire, Scorch, Volatile Blastmotes, Inner Flame, Flame
                  | Wave.
     0 | D:1      | Reached XP level 1. HP: 15/15 MP: 0/0
   103 | D:1      | Frozen to death by an endoplasm

Illustrated notes

Levels and vault maps discovered:
D:1:      tarquinn_simple_flora_water_a, layout_rooms, hangedman_decor_push

Action                     || total
---------------------------++-------
  Melee: Dagger            ||     1
   Cast: Foxfire           ||     3
